 Dungeon Crawl Stone Soup version 0.28.0-1-gb440e238dd (webtiles) character file.

Game seed: 2276069549725069178

76 Ablot the Grasshopper (level 4, -1/38 HPs)
             Began as a Gnoll Warper on Feb 19, 2022.
             Slain by a white imp (2 damage)
             ... summoned by Natasha
             ... on level 4 of the Dungeon.
             The game lasted 00:04:17 (2545 turns).

Ablot the Grasshopper (Gnoll Warper)                Turns: 2545, Time: 00:04:17

Health: -1/38      AC:  3    Str: 12    XL:     4   Next: 32%
Magic:  11/11      EV: 13    Int: 12    God:
Gold:   143        SH:  0    Dex: 12    Spells: 13/13 levels left

rFire   . . .      SeeInvis .   a - +0 spear
rCold   . . .      Faith    .   (no shield)
rNeg    . . .      Spirit   .   b - +0 leather armour
rPois   .          Reflect  .   (no helmet)
rElec   .          Harm     .   (no cloak)
rCorr   .          Rampage  .   (no gloves)
Will    .....                   (no boots)
Stlth   +.........              g - amulet of the acrobat
HPRegen 0.12/turn               (no ring)
MPRegen 0.12/turn               (no ring)

@: slowed, very slow
A: fangs 1, strong nose, distributed training
a: no special abilities


You were on level 4 of the Dungeon.
You visited 1 branch of the dungeon, and saw 4 of its levels.

You collected 143 gold pieces.

Inventory:

Hand Weapons
 a - a +0 spear (weapon)
Missiles
 d - 5 boomerangs of dispersal (quivered)
 e - 31 bolts
 f - 106 stones
 j - 33 arrows
Armour
 b - a +0 leather armour (worn)
Jewellery
 g - an amulet of the acrobat (around neck)
Scrolls
 c - a scroll of blinking
 h - a scroll of amnesia {unknown}
 k - a scroll of identify {unknown}
 l - a scroll of enchant weapon {unknown}
 o - 3 scrolls of silence {unknown}
 p - a scroll of torment {unknown}
Potions
 i - a potion of curing {unknown}
 m - 3 potions of haste {unknown}
 n - a potion of resistance {unknown}
 q - 2 potions of might {unknown}


   Skills:
 + Level 4.6 Fighting
 + Level 1.1 Short Blades
 + Level 1.1 Long Blades
 + Level 1.1 Axes
 + Level 1.1 Maces & Flails
 + Level 4.6 Polearms
 + Level 1.1 Staves
 + Level 1.1 Slings
 + Level 1.1 Bows
 + Level 1.1 Crossbows
 + Level 2.7 Throwing
 + Level 2.7 Armour
 + Level 4.6 Dodging
 + Level 1.1 Stealth
 + Level 1.1 Shields
 + Level 1.1 Unarmed Combat
 + Level 5.0 Spellcasting
 + Level 0.8 Conjurations
 + Level 0.8 Hexes
 + Level 0.8 Summonings
 + Level 0.8 Necromancy
 + Level 5.4 Translocations
 + Level 0.8 Transmutations
 + Level 0.8 Fire Magic
 + Level 0.8 Ice Magic
 + Level 0.8 Air Magic
 + Level 0.8 Earth Magic
 + Level 0.8 Poison Magic
 + Level 1.2 Invocations
 + Level 1.1 Evocations


You had 13 spell levels left.
You didn't know any spells.
Your spell library contained the following spells:

 Spells                   Type           Power      Damage    Failure   Level
 Blink                    Tloc           32%        N/A       4%          2
 Gell's Gravitas          Tloc           16%        N/A       8%          3
 Lesser Beckoning         Tloc           16%        N/A       8%          3
 Teleport Other           Tloc           16%        N/A       8%          3
 Manifold Assault         Tloc           16%        N/A       58%         5


Dungeon Overview and Level Annotations

Branches:
Dungeon (4/15)
 Temple: D:4-7

Altars:

Annotations:
D:4 Natasha


Innate Abilities, Weirdness & Mutations

You have very sharp teeth.
Your uncanny sense of smell can sniff out nearby items.
Your experience applies equally to all skills.


Message History

You feel yourself slow down.
Natasha mumbles some strange words.
Natasha shimmers violently.
Natasha completely misses you.
You closely miss Natasha. Natasha claws you! Natasha barely misses you.
You hit Natasha but do no damage. Your bite misses Natasha.
Natasha barely misses you.
You hit Natasha.
Natasha is moderately wounded.
Natasha claws you but does no damage.
You hit Natasha.
Natasha is heavily wounded.
Natasha barely misses you.
Natasha casts a spell.
You barely miss Natasha.
Natasha is heavily wounded.
Natasha closely misses you.
You closely miss Natasha. You bite Natasha.
Natasha is heavily wounded.
Natasha casts a spell at you. The magic dart hits you!
You hit Natasha but do no damage.
Natasha is heavily wounded.
The white imp gestures at you. The puff of frost hits you.
* * * LOW HITPOINT WARNING * * *
Natasha mumbles some strange words.
You hit Natasha.
Natasha is heavily wounded.
The white imp gestures at you. The puff of frost hits you!
* * * LOW HITPOINT WARNING * * *
Natasha completely misses you. The white imp closely misses you.
Natasha barely misses you.
You hit Natasha but do no damage.
Natasha is heavily wounded.
The white imp hits you.
* * * LOW HITPOINT WARNING * * *
The white imp freezes you.
You die...

.... ∆ .... ....
#..# #..# .#
##..# ...#
####5h.##
.....#.<.@5..###
...............#
..............$..
.......####......
....... ......
##..... ......
##.... ....#
#....∆ .....
#....


You could see Natasha, a crimson imp (summoned) and a white imp (summoned).

Vanquished Creatures
  2 adders (D:2)
  3 worms
  6 endoplasms
  4 goblins (D:1)
  A hobgoblin (D:1)
  6 jackals (D:2)
  6 kobolds
  2 quokkas
  5 ball pythons
  6 bats
  3 frilled lizards
  3 rats
47 creatures vanquished.

Vanquished Creatures (others)
  10 plants
  4 toadstools (D:1)
14 creatures vanquished.

Grand Total: 61 creatures vanquished

Notes
Turn   | Place    | Note
-------+----------+-------------------------------------------
     0 | D:1      | Ablot the Gnoll Warper began the quest for the Orb.
     0 | D:1      | Reached XP level 1. HP: 20/20 MP: 6/6
   102 | D:1      | Reached XP level 2. HP: 20/26 MP: 7/7
  1028 | D:2      | Reached skill level 5 in Spellcasting
  1028 | D:2      | Reached XP level 3. HP: 20/31 MP: 7/9
  1324 | D:2      | Reached skill level 1 in Invocations
  1344 | D:2      | Reached skill level 1 in Short Blades
  1344 | D:2      | Reached skill level 1 in Long Blades
  1344 | D:2      | Reached skill level 1 in Axes
  1344 | D:2      | Reached skill level 1 in Maces & Flails
  1344 | D:2      | Reached skill level 1 in Staves
  1344 | D:2      | Reached skill level 1 in Slings
  1344 | D:2      | Reached skill level 1 in Bows
  1344 | D:2      | Reached skill level 1 in Crossbows
  1344 | D:2      | Reached skill level 1 in Stealth
  1344 | D:2      | Reached skill level 1 in Shields
  1344 | D:2      | Reached skill level 1 in Unarmed Combat
  1344 | D:2      | Reached skill level 1 in Evocations
  1673 | D:2      | Reached XP level 4. HP: 37/38 MP: 11/11
  2258 | D:2      | Found a faded altar of an unknown god.
  2526 | D:3      | Noticed a kobold brigand
  2533 | D:4      | Noticed Natasha
  2545 | D:4      | HP: 1/38 [white imp[Natasha] (2)]
  2545 | D:4      | Slain by a white imp

Illustrated notes

Levels and vault maps discovered:
D:1:      ldierk_walled_garden_2, layout_rooms, chequers_serial_rivers_large_b,
          minmay_surrounded
D:2:      layout_loops_ring, dilly_ecumenical_altar_fadedgnrine
D:3:      layout_loops_ring, serial_shops, nicolae_square_shop,
          gammafunk_ghost_mausoleum, minmay_pentangle
D:4:      cheibrodos_greedy_goblins, layout_layer_cave, serial_shops,
          nicolae_take_the_stairs, serial_park_tiny_pond, corexii_shack,
          uniq_natasha

Skill      XL: |  1  2  3 |
---------------+----------+-----
Spellcasting   | 5 |  5.0
Invocations    | 1 |  1.2
Short Blades   | 1 |  1.1
Long Blades    | 1 |  1.1
Axes           | 1 |  1.1
Maces & Flails | 1 |  1.1
Staves         | 1 |  1.1
Slings         | 1 |  1.1
Bows           | 1 |  1.1
Crossbows      | 1 |  1.1
Stealth        | 1 |  1.1
Shields        | 1 |  1.1
Unarmed Combat | 1 |  1.1
Evocations     | 1 |  1.1
Fighting       | |  4.6
Polearms       | |  4.6
Throwing       | |  2.7
Armour         | |  2.7
Dodging        | |  4.6
Conjurations   | |  0.8
Hexes          | |  0.8
Summonings     | |  0.8
Necromancy     | |  0.8
Translocations | |  5.4
Transmutations | |  0.8
Fire Magic     | |  0.8
Ice Magic      | |  0.8
Air Magic      | |  0.8
Earth Magic    | |  0.8
Poison Magic   | |  0.8

Action                   |  1- 3 |  4- 6 || total
-------------------------+-------+-------++-------
Melee: Spear             |   143 |    71 ||   214
       Bite              |    13 |    13 ||    26
       Punch             |     3 |     1 ||     4
 Stab: Sleeping          |     1 |       ||     1
Armor: Leather armour    |    30 |     8 ||    38
Dodge: Dodged            |    73 |    31 ||   104
